AoeStats
← [CL] Al3jandr0.magn00

Arabia

506242412Analyzed
1v1 RM · 19d ago on Sep 12, 2026· 48m 33s· 2 players
Game mode
Random Map
Map size
Tiny (2 player)
Population
200
Speed
Normal
Resources
Standard
Victory
Conquest
Starting age
Dark Age
Ending age
Imperial Age
RankedLock teamsTeams togetherTeam positionsShared explorationLock speedFull tech treeHidden civsTurbo modeCheats
Victory
Defeat
🇦🇷 Chinese · Argentina
1799
+10
🇦🇷 Tupi · Argentina
1674
-10
Jhoonas
7:13 Loom
10:00 Feudal Age
14:13 Castle Age
20:14 Fletching
22:30 Bodkin Arrow
24:55 Town Watch
25:06 Double-Bit Axe
26:34 Horse Collar
27:31 Gold Mining
29:54 Wheelbarrow
31:06 Bow Saw
34:55 Imperial Age
33:47 Stone Mining
35:21 Heavy Plow
35:38 Bracer
36:45 Conscription
38:02 Chemistry
38:47 Padded Archer Armor
41:53 Hand Cart
42:54 Onager
48:01 Leather Archer Armor
[CL] Al3jandr0.magn00
0:33 Loom
9:02 Feudal Age
9:05 Man-at-Arms
9:44 Double-Bit Axe
11:06 Town Watch
15:24 Fletching
21:15 Castle Age
20:56 Horse Collar
22:11 Bodkin Arrow
22:41 Crossbowman
26:02 Heavy Plow
26:15 Bow Saw
26:53 Gold Mining
29:42 Wheelbarrow
29:16 Guard Tower
31:43 Ballistics
36:28 Imperial Age
34:32 Heavy Plow
36:34 Hand Cart
36:50 Padded Archer Armor
37:42 Gold Shaft Mining
37:12 Bracer
37:05 Arbalester
39:15 Chemistry
38:07 Heavy Rocket Cart
42:27 Leather Archer Armor
47:53 Scale Barding Armor
47:58 Forging
48:19 Ring Archer Armor
49:30 Chain Barding Armor
48:32 Cavalier
49:22 Bloodlines
Connection lost

Rejoining the realm…

Still unreachable

The connection could not be restored.

Session expired

The server has moved on; the page needs a fresh start.